 Dungeon Crawl Stone Soup version 0.30-a0-242-g7bf8e6d787 (webtiles) character file.

Game seed: 352512479451810211

2 Sobieck the Cudgeller (level 1, -2/22 HPs)
             Began as an Ogre Gladiator on Oct 11, 2022.
             Slain by a gnoll
             ... wielding a +0 spear
              (4 damage)
             ... on level 1 of the Dungeon.
             The game lasted 00:00:24 (134 turns).

Sobieck the Cudgeller (Ogre Gladiator)               Turns: 134, Time: 00:00:24

Health: -2/22      AC:  3    Str: 17    XL:     1   Next: 40%
Magic:  1/1        EV: 10    Int:  9    God:
Gold:   19         SH:  0    Dex: 10    Spells: 0/0 levels left

rFire   . . .      SeeInvis .    a - +0 flail {mace}
rCold   . . .      Faith    .    (no shield)
rNeg    . . .      Spirit   .    b - +0 robe
rPois   .          Reflect  .    c - +0 hat
rElec   .          Harm     .    (no cloak)
rCorr   .          Rampage  .    (gloves unavailable)
Will    .....                    (boots unavailable)
Stlth   +.........               (no amulet)
HPRegen 0.23/turn                (no ring)
MPRegen 0.07/turn                (no ring)

@: no status effects
A: large, unfitting armour, tough skin 1
a: no special abilities


You were on level 1 of the Dungeon.
You visited 1 branch of the dungeon, and saw 1 of its levels.

You collected 19 gold pieces.


Innate Abilities, Weirdness & Mutations

You are too large for most types of armour.
You have tough skin. (AC +1)


   Skills:
 - Level 2.6 Fighting
 + Level 2.9 Maces & Flails
 - Level 2.0 Throwing
 - Level 2.6 Dodging


You couldn't memorise any spells.
You didn't know any spells.
Your spell library was empty.

Inventory:

Hand Weapons
 a - a +0 flail (weapon) {mace}
Missiles
 d - 3 throwing nets {=f!fthrowing}
 e - a large rock {=fthrowing}
Armour
 b - a +0 robe (worn)
 c - a +0 hat (worn)
Magical Staves
 h - a staff of conjuration {!a@e2staff}
   (You found it on level 1 of the Dungeon)
Scrolls
 g - a scroll of teleportation {unknown}

Dungeon Overview and Level Annotations

Branches:
Dungeon (1/15) Zot: 5863

Altars:

#############
#..g@.......#
#.#########.#########
#..........
###########


You could see a gnoll.


Message History

🤖 Initializing magus.rc ...
Options error: Bad monster_list_colour key: strict_neutral (~/.crawlrc:4812) Bad channel name for runrest: 'pray:' ✅ Successfully initialized magus_sobieck.rc [v0.0.4] Welcome, Sobieck the Ogre Gladiator.
Will you be the one to retrieve the awesome Orb of Zot from the depths?
Press ? for a list of commands and other information.
Found 11 gold pieces, 3 stones and a scroll labelled CUAMAUG ECIRPH.
Found a staircase leading out of the dungeon.
You open the door.
There is an open door here.
f - 3 stones {throwing}
There is a fountain of clear blue water here.
There is a fountain of clear blue water here.
You now have 11 gold pieces.
Found a stone staircase leading down.
Unknown command.
g - a scroll labelled CUAMAUG ECIRPH
h - a staff of conjuration {!a@e2staff} Unknown command.
A goblin comes into view. It is wielding a +0 dagger.
The goblin shouts!
A ball python comes into view.
Danger!
You throw a stone {throwing}. The ball python hisses angrily.
The stone {throwing} hits the ball python.
You throw a stone {throwing}.
The stone {throwing} hits the ball python.
You kill the ball python!
You throw a stone {throwing}. The stone {throwing} hits the goblin.
You closely miss the goblin. The goblin hits you with a +0 dagger.
You thump the goblin!
You kill the goblin!
No target in view!
No target in view!
Things that are here:
a +0 dagger {short}; a goblin corpse You now have 19 gold pieces (gained 8).
A kobold comes into view. It is wielding a +0 short sword.
The kobold shouts!
Danger!
The kobold hits you but does no damage.
You closely miss the kobold. The kobold barely misses you.
A gnoll comes into view. It is wielding a +0 spear.
You closely miss the kobold.
The gnoll shouts!
The kobold barely misses you. The kobold misses you.
You closely miss the kobold. The kobold barely misses you.
The gnoll closely misses you.
You miss the kobold. The kobold barely misses you.
The gnoll hits you from afar with a +0 spear.
Unknown command.
You hit the kobold.
You kill the kobold!
The gnoll hits you from afar with a +0 spear.
The gnoll hits you with a +0 spear!
* * * LOW HITPOINT WARNING * * *
You see here a +0 short sword {short}.
Unknown command.
You hit the gnoll. The gnoll hits you with a +0 spear.
* * * LOW HITPOINT WARNING * * *
The gnoll hits you with a +0 spear.
You die...

Action                   || total
-------------------------++-------
Melee: Flail             ||     8
Throw: Stone             ||     3
Armor: Robe              ||     1
Dodge: Dodged            ||     6

Levels and vault maps discovered:
D:1:      scummos_arrival_simple_fountains, layout_loops_ring,
          hangedman_decor_push, hangedman_decor_clover_reticule

Notes
Turn   | Place    | Note
-------+----------+-------------------------------------------
     0 | D:1      | Sobieck the Ogre Gladiator began the quest for the Orb.
     0 | D:1      | Reached XP level 1. HP: 22/22 MP: 1/1
   134 | D:1      | HP: 2/22 [gnoll/+0 spear (6)]
   134 | D:1      | Slain by a gnoll

Vanquished Creatures
  A goblin (D:1)
  A ball python (D:1)
  A kobold (D:1)
3 creatures vanquished.

Table legend:
 A = Non-vault XP
 B = Vault XP
 C = Vault XP percentage of total XP
 D = Non-vault monster count
 E = Vault monster count
 F = Vault count percentage of total count
                 A         B        C        D         E       F
            +---------+---------+-------+---------+---------+-------
      Total |       4 |       0 |   0.0 |       3 |       0 |   0.0
            +---------+---------+-------+---------+---------+-------
        D:1 |       4 |       0 |   0.0 |       3 |       0 |   0.0
            +---------+---------+-------+---------+---------+-------

Illustrated notes

Table legend:
 A = Kills in this place as a percentage of kills in entire the game.
 B = Kills by you in this place as a percentage of kills by you in the entire game.
 C = Kills by friends in this place as a percentage of kills by friends in the entire game.
 D = Other kills in this place as a percentage of other kills in the entire game.
 E = Experience gained in this place as a percentage of experience gained in the entire game.
 F = Experience gained in this place divided by the number of levels of this place that you have seen.
                   A       B       C       D       E      F
               +-------+-------+-------+-------+-------+----------------------
         Total | 100.0 | 100.0 |   N/A |   N/A | 100.0 |   4.0
       Dungeon | 100.0 | 100.0 |   N/A |   N/A | 100.0 |   4.0
               +-------+-------+-------+-------+-------+----------------------

Table legend: (Time is in decaauts)
 A = Elapsed time spent in this place.
 B = Non-inter-level travel time spent in this place.
 C = Inter-level travel time spent in this place.
 D = Time resting spent in this place.
 E = Time spent auto-exploring this place.
 F = Levels seen in this place.
 G = Mean time per level.
                   A        B        C        D        E       F      G
               +--------+--------+--------+--------+--------+-----+--------+
         Total |    135 |    135 |      0 |      0 |    113 |   1 |  135.0 |
       Dungeon |    135 |    135 |      0 |      0 |    113 |   1 |  135.0 |
               +--------+--------+--------+--------+--------+-----+--------+

Top non-repeatable levels by time:
     D:1: 135 daAuts
